 Dungeon Crawl Stone Soup version 0.18.1-2-ga659475 (webtiles) character file.

184666 barb4r1an the Severer (level 19, -1/153 HPs)
             Began as a Formicid Fighter on May 8, 2016.
             Was the Champion of Okawaru.
             Slain by an entropy weaver (16 damage)
             ... on level 4 of the Spider Nest.
             The game lasted 01:06:40 (32663 turns).

barb4r1an the Severer (Formicid Fighter)           Turns: 32663, Time: 01:06:41

Health: -1/153     AC:  3    Str: 29    XL:     19   Next: 11%
Magic:  25/25      EV: 14    Int: 13    God:    Okawaru [******]
Gold:   1557       SH: 21    Dex: 12    Spells: 0 memorised, 18 levels left

rFire  + + +     SeeInvis +     N - +2 battleaxe (elec)
rCold  + . .     Gourm    .     J - +11 plate armour "Caemim Reuj" {rF++ rC+ Dex-2}
rNeg   . . .     Faith    .     c - +2 shield of the Frog {Dex+4}
rPois  +         Spirit   .     (helmet unavailable)
rElec  .         Dismiss  .     H - +2 cloak {rPois}
rCorr  .         Reflect  +     v - +0 pair of gloves
SustAt .         Harm     .     m - +0 pair of boots
MR     ++...     Clarity  +     C - +4 amulet of reflection
Stlth  ..........               y - +5 ring of strength
                                I - ring of protection from magic

@: lethally poisoned (-1 -> -1), corroded, very resistant to hostile
enchantments, extremely unstealthy
A: permanent stasis, dig shafts and tunnels, four strong arms, antennae 3, icy
blue scales 1, blurry vision 1, clarity, clever 2, clumsy 2, fire resistance 1,
mutation resistance 1
a: Dig, Shaft Self, Heroism, Finesse, Renounce Religion


You were on level 4 of the Spider Nest.
You worshipped Okawaru.
Okawaru was exalted by your worship.
You were not hungry.

You visited 5 branches of the dungeon, and saw 30 of its levels.
You also visited: Labyrinth and Volcano.

You collected 3400 gold pieces.
You spent 1843 gold pieces at shops.

Inventory:

Hand Weapons
 N - a +2 battleaxe of electrocution (weapon)
Armour
 c - the +2 shield of the Frog (worn) {Dex+4}
   (Okawaru gifted it to you on level 2 of the Spider Nest)

   It affects your dexterity (+4).
 g - a +2 storm dragon armour
 m - a +0 pair of boots (worn)
 v - a +0 pair of gloves (worn)
 H - a +2 cloak of poison resistance (worn)
 J - the +11 plate armour "Caemim Reuj" (worn) {rF++ rC+ Dex-2}
   (Okawaru gifted it to you on level 3 of the Spider Nest)

   It affects your dexterity (-2).
   It greatly protects you from fire.
   It protects you from cold.
 S - a +3 chain mail of fire resistance
Jewellery
 q - an uncursed ring of flight
 s - an uncursed amulet of regeneration
 x - an uncursed ring of poison resistance {unknown}
 y - a +5 ring of strength (right hand)
 C - a +4 amulet of reflection (around neck)
 I - a ring of protection from magic (left hand)
 O - an uncursed ring of sustain attributes
Scrolls
 e - a scroll of holy word {unknown}
 i - 16 scrolls of remove curse
 j - 4 scrolls of enchant weapon
 k - 3 scrolls of identify
 n - 6 scrolls of fog
 p - 6 scrolls of magic mapping
 u - a scroll of torment {unknown}
 A - 4 scrolls of fear
 B - 5 scrolls of enchant armour
 D - 6 scrolls of recharging
 P - a scroll of vulnerability {unknown}
 Q - 3 scrolls of amnesia
 T - a scroll of immolation {unknown}
 W - 3 scrolls of summoning {unknown}
Potions
 b - 10 potions of curing
 d - 4 potions of might
 h - 5 potions of flight
 l - 3 potions of agility
 o - a potion of invisibility
 t - a potion of resistance
 w - 3 potions of cancellation
 z - 2 potions of ambrosia
 F - 2 potions of cure mutation
 X - 4 potions of heal wounds
Books
 E - Okhlejedo's Almanac of Torrid Necromancy
   (You found it on level 8 of the Lair of Beasts)

   Spells                             Type                      Level
   a - Animate Skeleton               Necromancy                   1
   b - Corpse Rot                     Necromancy                   2
   c - Sublimation of Blood           Necromancy                   2
   d - Regeneration                   Charms/Necromancy            3
   e - Bolt of Draining               Conjuration/Necromancy       5
   f - Ring of Flames                 Charms/Fire                  7
Comestibles
 a - 8 beef jerkies
 f - 4 bread rations
 r - 12 meat rations
 G - 12 slices of pizza
 M - 13 fruits


   Skills:
 + Level 14.5 Fighting
   Level 0.2 Long Blades
 * Level 16.9 Axes
 + Level 14.6 Armour
 + Level 12.3 Dodging
 + Level 15.8 Shields
 - Level 8.1 Invocations


You had 18 spell levels left.
You didn't know any spells.

Dungeon Overview and Level Annotations

Branches:
Dungeon (15/15)            Temple (1/1) D:4            Lair (8/8) D:9
 Shoals (0/4) Lair:3       Spider (4/4) Lair:3        Slime (0/6) Lair:8
    Orc (2/2) D:9             Elf (0/3) Orc:2        Vaults (0/5) D:14
 Depths (0/5) D:15

Altars:
Ashenzari
Cheibriados
Dithmenos
Elyvilon
Fedhas
Gozag
Kikubaaqudgha
Makhleb
Nemelex Xobeh
Okawaru
Pakellas
Qazlal
Ru
Sif Muna
Trog
Vehumet
Xom
Yredelemnul
Zin
The Shining One
Beogh

Shops:
D:6 (   Orc:2 [[(*

Portals:
Trove: D:15 (give 7 potions of agility)


Innate Abilities, Weirdness & Mutations

You are under a permanent stasis effect.
You can dig through walls and to a lower floor.
Your four strong arms can wield two-handed weapons with a shield.
You have a pair of large antennae on your head (SInv).
You are partially covered in icy blue scales (AC +1).
Scrolls take you a little longer to read.
You possess an exceptional clarity of mind.
Your mind is very acute. (Int +4)
You are very clumsy. (Dex -4)
Your flesh is heat resistant.
You are somewhat resistant to further mutation.


Message History

You feel sick.
The orb spider weaves a glowing orb of energy.
The entropy weaver closely misses you. The entropy weaver hits you.
You block the entropy weaver's attack. The entropy weaver hits you!
An orb of destruction comes into view.
You miss the entropy weaver.
The entropy weaver is severely wounded.
The entropy weaver gestures wildly while chanting.
The entropic weave corrodes you!
You hit the entropy weaver but do no damage.
The entropy weaver is severely wounded.
You block the entropy weaver's attack. x2; The entropy weaver hits you!
* * * LOW HITPOINT WARNING * * *
You block the entropy weaver's attack.
You are too injured to fight recklessly!
Drink which item? (? for menu, Esc to quit)
You feel much better.
You feel sick. The orb of destruction hits you!
* * * LOW HITPOINT WARNING * * *
You block the entropy weaver's attack. x2; The entropy weaver hits you!
You die...

............^......^......^#
......................!....##
............^...............#
........)..................##
......^............#.......###
................^.s.......^#.##
......^............§.......#..##
^..........(....p§§............#
###...^...^.....@..........^.^.#
######........^..<^..........####
..####...............#...........
....###.......................^..
#s..####...^.....................
#....#####†..................^...
#....≈# #†<.....................
#≈..≈.# ##.......................
≈≈...≈###............^...........


You could see an entropy weaver and an orb spider.

Vanquished Creatures
  Rupert (Lair:6)
  Kirke (Lair:5)
  The ghost of MagicLamp the Executioner, an adept HOGl of Qazlal (Spider:2)
  2 orc warlords
  Maud (Orc:1)
  2 ghost moths
  6 emperor scorpions
  The ghost of tsouns the Impaler, a journeyman MfSk of Lugonu (Lair:8)
  A stone giant (Orc:2)
  A salamander stormcaller (D:15)
  Azrael (D:13)
  A spark wasp (Spider:3)
  A dire elephant (D:15)
  2 vault guards (D:14)
  A minotaur (Lab)
  Snorg (Orc:1)
  Josephine (D:10)
  Erolcha (D:8)
  3 entropy weavers
  Fannar (Orc:1)
  9 hydras
  A catoblepas (D:15)
  Harold (D:12)
  8 centaur warriors
  Urug (Lair:4)
  An orc high priest (Orc:2)
  Sonja (D:13)
  3 skeletal warriors (D:15)
  2 unseen horrors (D:14)
  5 hill giants
  2 orc knights (Orc:2)
  36 wolf spiders
  2 deep elf magi
  2 necromancers (D:14)
  A cyclops (D:11)
  A griffon (Lair:7)
  A salamander (D:15)
  20 orb spiders
  4 orc sorcerers
  7 ugly things
  2 manticores
  Joseph (D:10)
  3 black mambas
  A moth of wrath (shapeshifter) (D:14)
  A siren (Lair:3)
  3 centaur zombies
  2 molten gargoyles (Volcano)
  A moth of wrath (Spider:3)
  Maurice (D:10)
  3 torpor snails
  7 gargoyles
  23 spiny frogs
  A rime drake (Lair:7)
  10 demonic crawlers
  4 yaktaurs
  10 komodo dragons
  8 trolls
  37 jumping spiders
  2 guardian mummies (D:15)
  A tengu conjurer (D:15)
  A two-headed ogre (D:15)
  A jumping spider (shapeshifter) (D:14)
  Grinder (D:3)
  32 blink frogs
  76 redbacks
  41 tarantellas
  A shadow (D:11)
  A wyvern (Lair:8)
  4 hogs (Lair:5)
  Grum (D:10)
  3 basilisks
  55 yaks
  3 wraiths (D:10)
  20 humans
  A steam dragon (Lair:4)
  11 vampire mosquitoes (Lair:8)
  7 fire elementals
  A hippogriff (shapeshifter) (D:13)
  10 hippogriffs
  3 hungry ghosts
  4 wargs
  A water moccasin (shapeshifter) (D:15)
  12 porcupines
  2 hell hounds (D:13)
  12 water moccasins
  33 orc warriors
  An eye of draining (D:14)
  A swamp drake (D:9)
  A wasp (Spider:2)
  8 sky beasts
  2 ice beasts
  A black bear (D:7)
  The ghost of Shenda the Ruffian, an amateur DrTm of Qazlal (D:3)
  21 wolves
  15 centaurs
  7 ogres
  13 crocodiles
  33 giant frogs
  A big kobold (D:12)
  A wyvern zombie (D:11)
  4 scorpions
  3 wights (D:8)
  4 howler monkeys
  7 electric eels
  7 crimson imps
  10 jellies
  A quasit (D:7)
  19 orc priests
  35 orc wizards
  2 giant frog skeletons
  9 hounds
  2 centaur skeletons
  6 iguanas
  Natasha (twice) (D:3)
  10 worker ants
  A killer bee zombie (D:10)
  6 sheep (Lair:8)
  A hound skeleton (D:5)
  A howler monkey zombie (D:5)
  10 adders
  92 river rats
  2 shadow imps
  An ooze (D:2)
  An adder skeleton (D:4)
  4 dart slugs
  2 giant geckos
  111 orcs
  3 giant cockroaches
  3 goblins
  8 hobgoblins
  9 jackals
  5 quokkas
  4 ball pythons
  11 bats
  2 giant newts
  10 kobolds
  8 rats
  A fire vortex (Volcano)
  9 fungi
  7 plants
1135 creatures vanquished.

Vanquished Creatures (others)
  Nessos (D:14)
  An unseen horror (D:15)
  A human (D:3)
  A centaur (D:9)
  A giant frog (Lair:8)
  A giant frog skeleton (D:13)
  3 orc wizards
  A kobold (D:12)
  2 fire vortices (Volcano)
  31 fungi
  39 plants (Lair:8)
82 creatures vanquished.

Grand Total: 1217 creatures vanquished

Notes
Turn   | Place    | Note
--------------------------------------------------------------
     0 | D:1      | barb4r1an the Formicid Fighter began the quest for the Orb.
     0 | D:1      | Reached XP level 1. HP: 18/18 MP: 1/1
   119 | D:1      | Reached XP level 2. HP: 23/24 MP: 2/2
   563 | D:1      | Reached XP level 3. HP: 29/29 MP: 3/3
   777 | D:2      | Found a sparkling altar of Nemelex Xobeh.
   791 | D:2      | Reached skill level 1 in Dodging
   961 | D:2      | Found a basalt altar of Yredelemnul.
  1250 | D:2      | Reached XP level 4. HP: 37/37 MP: 4/4
  1991 | D:3      | Noticed Natasha
  1995 | D:3      | Noticed Shenda's ghost (amateur DrTm)
  2002 | D:3      | Killed Natasha
  2002 | D:3      | Reached XP level 5. HP: 35/42 MP: 5/5
  2022 | D:3      | Killed Shenda's ghost
  2022 | D:3      | Reached skill level 3 in Axes
  2022 | D:3      | Reached XP level 6. HP: 23/48 MP: 6/6
  2386 | D:3      | Noticed Grinder
  2414 | D:3      | Killed Grinder
  2414 | D:3      | Reached skill level 5 in Shields
  2414 | D:3      | Reached XP level 7. HP: 55/55 MP: 7/7
  2500 | D:3      | Noticed Natasha
  2511 | D:3      | Killed Natasha
  2561 | D:3      | Found an ancient bone altar of Kikubaaqudgha.
  2562 | D:3      | Noticed a human
  2564 | D:3      | Killed a human
  2742 | D:4      | Found a staircase to the Ecumenical Temple.
  2752 | Temple   | Entered the Ecumenical Temple
  2795 | Temple   | Became a worshipper of Warmaster Okawaru
  3073 | D:4      | Found a burning altar of Makhleb.
  3200 | D:4      | Reached skill level 5 in Armour
  3687 | D:4      | Found an opulent altar of Gozag.
  3688 | D:4      | Found a glowing silver altar of Zin.
  3735 | D:5      | Entered Level 5 of the Dungeon
  3752 | D:5      | Found a snail-covered altar of Cheibriados.
  3765 | D:5      | Reached skill level 5 in Fighting
  3927 | D:5      | Reached skill level 4 in Axes
  4037 | D:5      | Reached XP level 8. HP: 55/62 MP: 8/8
  4124 | D:5      | Reached * piety under Okawaru
  4149 | D:5      | Found a glowing golden altar of the Shining One.
  4228 | D:5      | Found a shadowy altar of Dithmenos.
  4429 | D:5      | Found a stormy altar of Qazlal.
  4432 | D:5      | Found a shattered altar of Ashenzari.
  4435 | D:5      | Found a snail-covered altar of Cheibriados.
  4816 | D:6      | You fall through a shaft for 3 floors!
  4865 | D:9      | Reached skill level 1 in Invocations
  5358 | D:8      | Reached ** piety under Okawaru
  5358 | D:8      | Reached XP level 9. HP: 28/69 MP: 10/10
  5586 | D:8      | Reached skill level 5 in Axes
  5711 | D:8      | Found a shimmering altar of Xom.
  5713 | D:8      | Noticed Erolcha
  5730 | D:8      | Killed Erolcha
  5744 | D:8      | Reached *** piety under Okawaru
  5744 | D:8      | Reached skill level 5 in Dodging
  5882 | D:8      | Reached XP level 10. HP: 49/79 MP: 11/11
  5884 | D:8      | Reached skill level 6 in Axes
  6013 | D:8      | Noticed Maurice
  6366 | D:7      | Found a bloodstained altar of Trog.
  6631 | D:7      | Noticed a hill giant
  6643 | D:7      | Killed a hill giant
  6643 | D:7      | Reached **** piety under Okawaru
  7955 | D:6      | Found Cuedauc's Weapon Shoppe.
  8195 | D:6      | Reached ***** piety under Okawaru
  8195 | D:6      | Reached skill level 7 in Axes
  8615 | D:9      | Found a staircase to the Lair.
  8632 | D:9      | Reached XP level 11. HP: 85/86 MP: 12/12
  8733 | D:9      | Found an ancient bone altar of Kikubaaqudgha.
  8772 | D:9      | Got an iridescent long sword
  8773 | D:9      | Identified the +12 long sword "Culidwaa" {flame, +Rage rF+ Dex-5 Stlth+} (You found it on level 9 of the Dungeon)
  9440 | D:9      | Found a radiant altar of Vehumet.
  9442 | D:9      | Found a deep blue altar of Sif Muna.
  9448 | D:9      | Identified Vehumet's Guide on Conjuration
  9587 | D:9      | Found a staircase to the Orcish Mines.
  9765 | D:10     | Entered Level 10 of the Dungeon
  9809 | D:10     | Noticed Josephine
  9821 | D:10     | Killed Josephine
  9821 | D:10     | Received a gift from Okawaru
  9970 | D:10     | Noticed a hill giant
  9977 | D:10     | Killed a hill giant
  9977 | D:10     | Reached skill level 8 in Axes
  9982 | D:10     | Noticed Grum
 10003 | D:10     | Killed Grum
 10026 | D:10     | Killed Maurice
 10198 | D:10     | Gained mutation: You regenerate slowly when monsters are visible. [mutagenic meat]
 10199 | D:10     | Gained mutation: You are frail (-10% HP). [mutagenic meat]
 10200 | D:10     | Gained mutation: Your mind is acute. (Int +2) [mutagenic meat]
 10201 | D:10     | Gained mutation: You possess an exceptional clarity of mind. [mutagenic meat]
 10424 | D:10     | Received a gift from Okawaru
 10450 | D:10     | Gained mutation: Your flesh is heat resistant. [potion of mutation]
 10450 | D:10     | Lost mutation: You regenerate slowly when monsters are visible. [potion of mutation]
 10450 | D:10     | Lost mutation: You are frail (-10% HP). [potion of mutation]
 10451 | D:10     | Gained mutation: Scrolls take you a little longer to read. [potion of mutation]
 10451 | D:10     | Gained mutation: You are clumsy. (Dex -2) [potion of mutation]
 10468 | D:10     | Noticed Joseph
 10483 | D:10     | Killed Joseph
 10772 | D:11     | Noticed a brown ugly thing
 10777 | D:11     | Killed a brown ugly thing
 10800 | D:11     | Gained mutation: You are partially covered in icy blue scales (AC +1). [mutagenic meat]
 10855 | D:11     | Reached skill level 5 in Invocations
 10879 | D:11     | Noticed a centaur warrior
 10889 | D:11     | Killed a centaur warrior
 10889 | D:11     | Reached XP level 12. HP: 76/95 MP: 15/15
 11105 | D:11     | Received a gift from Okawaru
 11105 | D:11     | Reached skill level 9 in Axes
 11105 | D:11     | Reached skill level 10 in Shields
 11108 | D:11     | Got a transparent cloak {god gift}
 11119 | D:11     | Identified the +0 cloak of the Harp {Int+4} (Okawaru gifted it to you on level 11 of the Dungeon)
 12008 | D:12     | Found an oddly glowing altar of Pakellas.
 12028 | D:12     | Noticed Harold
 12057 | D:12     | Killed Harold
 12436 | D:12     | Noticed a centaur warrior
 12442 | D:12     | Killed a centaur warrior
 12484 | D:12     | Reached skill level 10 in Axes
 12618 | D:13     | Reached skill level 10 in Armour
 12627 | D:13     | Noticed Azrael
 12652 | D:13     | Killed Azrael
 12662 | D:13     | Noticed a centaur warrior
 12670 | D:13     | Killed a centaur warrior
 12670 | D:13     | Reached XP level 13. HP: 32/103 MP: 17/17
 12677 | D:13     | Received a gift from Okawaru
 13068 | D:13     | Noticed a centaur warrior
 13082 | D:13     | Killed a centaur warrior
 13151 | D:13     | Reached skill level 10 in Fighting
 13167 | D:13     | Gained mutation: Your mind is very acute. (Int +4) [mutagenic meat]
 13214 | D:13     | Noticed Sonja
 13240 | D:13     | Killed Sonja
 13634 | D:14     | Noticed a centaur warrior
 13644 | D:14     | Killed a centaur warrior
 13644 | D:14     | Reached skill level 11 in Axes
 13800 | D:14     | Reached ****** piety under Okawaru
 13845 | D:14     | Gained mutation: You are somewhat resistant to further mutation. [potion of mutation]
 13904 | D:14     | Noticed Nessos
 13921 | D:14     | Killed Nessos
 14260 | D:14     | Received a gift from Okawaru
 14284 | D:14     | HP: 3/104 [necromancer/bolt of cold (22)]
 14610 | D:14     | Found a gate to the Vaults.
 14610 | D:14     | Noticed a vault guard
 14610 | D:14     | Noticed a vault guard
 14635 | D:14     | Killed a vault guard
 14649 | D:14     | Killed a vault guard
 14649 | D:14     | Reached XP level 14. HP: 101/111 MP: 13/20
 14705 | D:14     | Reached skill level 12 in Axes
 14705 | D:14     | Reached XP level 15. HP: 109/119 MP: 21/21
 14796 | D:15     | Entered Level 15 of the Dungeon
 14924 | D:15     | Found a portal to a secret trove of treasure.
 14934 | D:15     | Noticed a reaper
 15334 | D:15     | Received a gift from Okawaru
 15366 | D:15     | Found a white marble altar of Elyvilon.
 15834 | D:15     | Found a staircase to the Depths.
 16015 | D:14     | Reached skill level 13 in Axes
 16117 | Lair:1   | Entered Level 1 of the Lair of Beasts
 16382 | Lair:1   | Found a dark tunnel.
 16389 | Volcano  | Entered a volcano
 17123 | Lair:1   | Reached skill level 10 in Dodging
 17922 | Lair:2   | Received a gift from Okawaru
 18867 | Lair:3   | Found a hole to the Spider Nest.
 19090 | Lair:3   | Found a staircase to the Shoals.
 19502 | Lair:4   | Reached XP level 16. HP: 97/127 MP: 19/22
 19545 | Lair:4   | Found a labyrinth entrance.
 19556 | Lab      | Entered a labyrinth
 19995 | Lab      | Identified the Catalogue of Virous Displacement
 19996 | Lab      | Got an iridescent dire flail
 19997 | Lab      | Identified the cursed +2 dire flail of the Fray {freeze, rPois rC+ MP+9 Int-3} (You found it in a labyrinth)
 20319 | Lair:4   | Noticed Urug
 20329 | Lair:4   | Killed Urug
 20329 | Lair:4   | Received a gift from Okawaru
 20384 | Lair:4   | Found a shimmering altar of Xom.
 21014 | Lair:5   | Noticed Kirke
 21034 | Lair:5   | Killed Kirke
 21711 | Lair:6   | Noticed Rupert
 21729 | Lair:6   | Killed Rupert
 21729 | Lair:6   | Reached skill level 14 in Axes
 22830 | Lair:8   | Entered Level 8 of the Lair of Beasts
 22914 | Lair:8   | Received a gift from Okawaru
 23062 | Lair:8   | Noticed tsouns's ghost (journeyman MfSk)
 23090 | Lair:8   | Killed tsouns's ghost
 23622 | Lair:8   | Reached XP level 17. HP: 125/135 MP: 23/23
 23672 | Lair:8   | HP: 5/135 [13-headed hydra (2)]
 24176 | Lair:8   | Identified Okhlejedo's Almanac of Torrid Necromancy (You found it on level 8 of the Lair of Beasts)
 24314 | Lair:8   | Received a gift from Okawaru
 24319 | Lair:8   | Got a bloodstained war axe {god gift}
 24320 | Lair:8   | Identified the +1 war axe "Lifebane" {pain, +Rage rElec SInv} (Okawaru gifted it to you on level 8 of the Lair of Beasts)
 24380 | Lair:8   | Found a staircase to the Slime Pits.
 24822 | Orc:1    | Entered Level 1 of the Orcish Mines
 24847 | Orc:1    | Noticed Fannar
 24872 | Orc:1    | Killed Fannar
 24872 | Orc:1    | Reached skill level 15 in Axes
 25049 | Orc:1    | Noticed Maud
 25061 | Orc:1    | Killed Maud
 25241 | Orc:2    | Entered Level 2 of the Orcish Mines
 25265 | Orc:2    | Found a roughly hewn altar of Beogh.
 25309 | Orc:2    | Found a staircase to the Elven Halls.
 25948 | Orc:2    | Found a roughly hewn altar of Beogh.
 25988 | Orc:2    | Found a roughly hewn altar of Beogh.
 26000 | Orc:2    | Found Mumpum's Antique Armour Shoppe.
 26089 | Orc:2    | Found a roughly hewn altar of Beogh.
 26132 | Orc:2    | Found a roughly hewn altar of Beogh.
 26133 | Orc:2    | Found Soqidol's Assorted Antiques.
 26157 | Orc:2    | Bought a potion of might for 108 gold pieces
 26157 | Orc:2    | Bought a potion of heal wounds for 135 gold pieces
 26236 | Orc:2    | Found a roughly hewn altar of Beogh.
 26331 | Orc:2    | Found a roughly hewn altar of Beogh.
 26439 | Orc:2    | Found Tibiwegroatt's Antique Weapon Boutique.
 26440 | Orc:2    | Found a roughly hewn altar of Beogh.
 26441 | Orc:2    | Found Kerhyut's Antique Armour Shop.
 26454 | Orc:2    | Bought a runed storm dragon armour for 1600 gold pieces
 26581 | Orc:1    | Noticed Snorg
 26595 | Orc:1    | Killed Snorg
 26595 | Orc:1    | Received a gift from Okawaru
 27054 | Spider:1 | Entered Level 1 of the Spider Nest
 28603 | Spider:2 | Received a gift from Okawaru
 28608 | Spider:2 | Got a jewelled shield {god gift}
 28619 | Spider:2 | Identified the +2 shield of the Frog {Dex+4} (Okawaru gifted it to you on level 2 of the Spider Nest)
 28984 | Spider:2 | Reached skill level 15 in Shields
 28984 | Spider:2 | Reached XP level 18. HP: 87/145 MP: 24/24
 29171 | Spider:2 | Noticed MagicLamp's ghost (adept HOGl)
 29184 | Spider:2 | Killed MagicLamp's ghost
 30421 | Spider:3 | Reached skill level 16 in Axes
 31071 | Spider:3 | Got a fine flail
 31083 | Spider:3 | Identified the +3 flail "Utittax" {freeze, Str+3} (You found it on level 3 of the Spider Nest)
 31175 | Spider:4 | Entered Level 4 of the Spider Nest
 31192 | Spider:4 | Received a gift from Okawaru
 32015 | Spider:4 | Gained mutation: You are very clumsy. (Dex -4) [potion of mutation]
 32298 | Spider:3 | Received a gift from Okawaru
 32298 | Spider:3 | Reached XP level 19. HP: 96/153 MP: 25/25
 32301 | Spider:3 | Got a twisted plate armour {god gift}
 32312 | Spider:3 | Identified the +11 plate armour "Caemim Reuj" {rF++ rC+ Dex-2} (Okawaru gifted it to you on level 3 of the Spider Nest)
 32663 | Spider:4 | Slain by an entropy weaver

Skill      XL: |  1  2  3  4  5  6  7  8  9 10 11 12 13 14 15 16 17 18 |
---------------+-------------------------------------------------------+-----
Dodging        | 1 2 3 4 5 6 7 8 9 10 11 12 | 12.3
Shields        | 4 5 6 7 9 10 11 12 13 14 15 | 15.8
Fighting       | 4 5 7 8 9 10 11 12 13 14 | 14.5
Armour         | 4 5 6 7 8 9 10 11 12 13 14 | 14.6
Axes           | 3 4 5 7 8 10 11 12 13 14 15 16 | 16.9
Invocations    | 2 5 6 8 |  8.1
Long Blades    | |  0.2

Action                   |  1- 3 |  4- 6 |  7- 9 | 10-12 | 13-15 | 16-18 | 19-21 || total
-------------------------+-------+-------+-------+-------+-------+-------+-------++-------
Melee: War axe           |   110 |   147 |    81 |       |       |       |       ||   338
       Hand axe          |       |       |   182 |   309 |       |       |       ||   491
       Broad axe         |       |       |       |    97 |       |       |       ||    97
       Long sword        |       |       |       |    52 |       |       |       ||    52
       Battleaxe         |       |       |       |   196 |   768 |  1789 |    80 ||  2833
Invok: Heroism           |       |       |     1 |     3 |     6 |    10 |       ||    20
       Finesse           |       |       |       |       |     2 |       |       ||     2
 Abil: Dig               |       |       |       |       |     2 |     2 |       ||     4
  Use: Scroll            |       |       |       |    11 |     4 |    11 |       ||    26
       Potion            |       |       |       |     3 |     3 |     4 |     1 ||    11
 Stab: Confused          |       |       |       |     1 |       |       |       ||     1
       Invisible         |       |       |       |       |       |     6 |       ||     6
  Eat: Chunk             |       |     5 |     4 |    15 |     3 |     7 |       ||    34
       Meat ration       |       |       |     1 |     3 |     2 |     2 |       ||     8
       Bread ration      |       |       |     1 |     1 |     2 |     7 |       ||    11
       Fruit             |       |       |       |       |       |     1 |       ||     1
Armor: Plate armour      |   128 |   116 |   113 |    22 |       |       |    33 ||   412
       Scale mail        |     3 |       |       |       |       |       |       ||     3
       Chain mail        |       |       |       |   181 |   344 |   381 |       ||   906
       Storm dragon armo |       |       |       |       |       |   384 |       ||   384
Dodge: Dodged            |    28 |    47 |    54 |   170 |   298 |   897 |    37 ||  1531
Block: Shield            |    76 |    94 |   146 |   447 |   597 |  1788 |   101 ||  3249
       Reflection        |       |       |     2 |    31 |    12 |       |       ||    45
